 Dungeon Crawl Stone Soup version 0.28-a0-529-g3bad584f25 (webtiles) character file.

Game seed: 261672451234135912

48836 pokedragonboy the Devastator (level 13, -11/86 HPs)
             Began as a Demigod Conjurer on Sept 24, 2021.
             Mangled by an eight-headed hydra (12 damage)
             ... on level 6 of the Lair of Beasts.
             The game lasted 01:59:35 (26833 turns).

pokedragonboy the Devastator (Demigod Conjurer)    Turns: 26833, Time: 01:59:36

Health: -11/86     AC:  7    Str:  8    XL:     13   Next: 78%
Magic:  1/42       EV: 12    Int: 36    God:
Gold:   990        SH:  5    Dex: 16    Spells: 14/35 levels left

rFire   . . .      SeeInvis .   b - +6 hand axe "Loudec" {spect, rPois Stlth+}
rCold   . . .      Faith    .   n - +0 buckler {reflect}
rNeg    + . .      Spirit   .   G - +1 steam dragon scales
rPois   +          Reflect  +   K - +0 hat of Apockuixa {Will+}
rElec   +          Harm     .   (no cloak)
rCorr   .          Rampage  .   R - +0 pair of gloves
Will    ++...                   (no boots)
Stlth   ++++......              (no amulet)
HPRegen 0.24/turn               D - ring of magical power
MPRegen 0.28/turn               z - ring of Freedom {rElec rN+ Dex+4 Stlth+}

@: studying Staves
A: high mp 1, forlorn
a: no special abilities


You were on level 6 of the Lair of Beasts.
You visited 2 branches of the dungeon, and saw 18 of its levels.
You visited 1 bazaar.
You also visited: Gauntlet.

You collected 990 gold pieces.

Inventory:

Hand Weapons
 b - the +6 hand axe "Loudec" (weapon) {spect, rPois Stlth+}
   (You found it on level 6 of the Dungeon)

   When its wielder attacks, the weapon's spirit leaps out and strikes again.
   The spirit shares a part of any damage it takes with its wielder.
   rPois:     It protects you from poison.
   Stlth:     It makes you more stealthy.
Missiles
 u - 2 throwing nets
 w - 6 silver javelins
 U - 9 javelins
Armour
 c - a +0 hat of see invisible
 l - the +0 helmet of Midwinter {Harm}
   (You found it in a Gauntlet)

   Harm:      It increases damage dealt and taken.
 n - a +0 buckler of reflection (worn)
 y - a +2 helmet
 G - +1 steam dragon scales (worn)
 K - the +0 hat of Apockuixa (worn) {Will+}
   (You found it on level 8 of the Dungeon)

   Will:      It increases your willpower.
 R - a +0 pair of gloves (worn)
Magical Staves
 a - a staff of air
Jewellery
 z - the ring of Freedom (right hand) {rElec rN+ Dex+4 Stlth+}
   (You took it off a minotaur in a Gauntlet)

   [ring of positive energy]

   Dex:       It affects your dexterity (+4).
   rElec:     It insulates you from electricity.
   rN:        It protects you from negative energy.
   Stlth:     It makes you more stealthy.
 D - a ring of magical power (left hand)
Wands
 h - a wand of flame (32)
 E - a wand of acid (15)
 H - a wand of iceblast (8)
 I - a wand of polymorph (12)
Scrolls
 e - 5 scrolls of teleportation
 f - 2 scrolls of identify
 m - a scroll of vulnerability
 o - a scroll of fear
 p - 6 scrolls of enchant armour
 q - a scroll of magic mapping
 r - a scroll of amnesia
 s - a scroll of fog {unknown}
 v - 2 scrolls of silence
 A - a scroll of immolation
 F - a scroll of brand weapon {unknown}
 X - a scroll of blinking {unknown}
 Y - a scroll of enchant weapon
Potions
 d - 2 potions of lignification
 g - 3 potions of cancellation
 i - 3 potions of might
 j - 3 potions of flight
 k - a potion of curing
 t - 5 potions of attraction
 x - a potion of magic {unknown}
 C - 2 potions of mutation
 P - 3 potions of haste
 Q - 3 potions of resistance
 V - a potion of brilliance {unknown}
 W - 2 potions of invisibility


   Skills:
 - Level 1.7 Dodging
 - Level 1.7 Stealth
 - Level 4.0 Shields
 + Level 11.7 Spellcasting
 * Level 17.6 Conjurations
 - Level 3.0 Hexes
 + Level 6.0 Air Magic


You had 14 spell levels left.
You knew the following spells:

 Your Spells              Type           Power      Damage    Failure   Level
a - Magic Dart            Conj           100%       1d8       0%          1
b - Searing Ray           Conj           100%       2d8       0%          2
c - Fulminant Prism       Conj/Hex       38%        3d18      1%          4
d - Lightning Bolt        Conj/Air       41%        1d60      1%          5
e - Inner Flame           Hex/Fire       31%        N/A       3%          3
f - Static Discharge      Conj/Air       82%        N/A       1%          2
g - Iskenderun's Mystic   Conj/Tloc      71%        2d14      1%          4

Your spell library contained the following spells:

 Spells                   Type           Power      Damage    Failure   Level
 Beastly Appendage        Tmut           42%        N/A       1%          1
 Ensorcelled Hibernation  Hex/Ice        62%        N/A       1%          2
 Dazzling Flash           Conj/Hex       100%       N/A       1%          3
 Tukima's Dance           Hex            42%        N/A       1%          3
 Irradiate                Conj/Tmut      35%        3d25      1%          5
 Wereblood                Tmut           21%        N/A       3%          2
 Cause Fear               Hex            21%        N/A       5%          4
 Spider Form              Tmut/Pois      10%        N/A       6%          3
 Blade Hands              Tmut           10%        N/A       47%         5
 Dragon Form              Tmut           10%        N/A       100%        7
 Discord                  Hex            21%        N/A       100%        8
 Maxwell's Capacitive Co  Air            30%        ∞         100%        8


Dungeon Overview and Level Annotations

Branches:
Dungeon (12/15)            Temple (0/1) D:7            Lair (6/6) D:11
  Swamp (0/4) Lair:3       Spider (0/4) Lair:4        Slime (0/5) Lair:5
    Orc (0/2) D:9         Gauntlet (visited)

Shops:
D:1 :

Annotations:
D:8 6 runed translucent doors
Lair:5 2 transporters, Mysukhlell's ghost, journeyman DrTm


Innate Abilities, Weirdness & Mutations

Your attributes grow dramatically as you level up.
You have an increased reservoir of magic. (+10% MP)
You shall have no god before yourself.


Message History

The bolt of lightning misses the eight-headed hydra.
You hear a bellow! x2; You hear a loud, deep croak! x2
Casting: Lightning Bolt (mildly dangerous; 1% risk of failure)
Confirm with . or Enter, or press ? or * to list all spells.
Aiming: Lightning Bolt (mildly dangerous; 1% risk of failure)
Press: ? - help, Shift-Dir - straight line, f - eight-headed hydra
Aim: an eight-headed hydra (lightly wounded, 89% to hit)
You hear a mighty clap of thunder!
The bolt of lightning hits the eight-headed hydra!!
The eight-headed hydra is heavily wounded.
You hear a loud, deep croak! x2; You hear a bellow!
You hear a trumpeting!
You hear a howl! x3
Casting: Lightning Bolt (mildly dangerous; 1% risk of failure)
Confirm with . or Enter, or press ? or * to list all spells.
You erupt in a blast of force!
The mystic blast hits the eight-headed hydra!
The eight-headed hydra is heavily wounded.
The eight-headed hydra completely misses you.
The eight-headed hydra bites you but does no damage.
The eight-headed hydra bites you. The eight-headed hydra bites you!
The eight-headed hydra bites you.
You block the eight-headed hydra's attack.
The eight-headed hydra bites you.
You block the eight-headed hydra's attack.
Casting: Iskenderun's Mystic Blast (mildly dangerous; 1% risk of failure)
Confirm with . or Enter, or press ? or * to list all spells.
You erupt in a blast of force!
The mystic blast hits the eight-headed hydra!!
The eight-headed hydra is heavily wounded.
The eight-headed hydra bites you!
* * * LOW HITPOINT WARNING * * *
The eight-headed hydra bites you.
* * * LOW HITPOINT WARNING * * *
The eight-headed hydra bites you but does no damage.
The eight-headed hydra closely misses you.
The eight-headed hydra bites you but does no damage.
The eight-headed hydra misses you. The eight-headed hydra bites you!
* * * LOW HITPOINT WARNING * * *
The eight-headed hydra bites you!
You die...

### ..P.....# #####.##
...#..... ..#...# ........#.
###.....##### ##.........
##...........# #..........
#............####P.........
##..................P.......
#......<.†.@D...............
#.P........†..P#..#.........
#P................#.#.......
..P..........[..............
###....P.##.................
#..#####.#..#.#..#.......#
### #########P##.#..##.
###########


You could see an eight-headed hydra.

Vanquished Creatures
  The ghost of Lesmeliq the Quickloader, a journeyman HuWn of Dithmenos (Lair:4)
  A minotaur (Gauntlet)
  A blizzard demon (Gauntlet)
  A boulder beetle (Lair:4)
  3 hydras
  Erica (Lair:1)
  3 two-headed ogres
  A death yak (Lair:4)
  Urug (Lair:4)
  A dancing weapon (Lair:4)
  A wizard (Gauntlet)
  A manticore (Lair:5)
  6 elephants (Lair:5)
  Joseph (D:8)
  3 black mambas
  A gargoyle (D:10)
  A kobold demonologist (D:11)
  7 cane toads
  Maggie (D:7)
  6 rime drakes (Lair:5)
  An ice devil (Gauntlet)
  8 komodo dragons
  4 trolls
  5 jumping spiders
  2 tyrant leeches (Lair:3)
  4 polar bears
  2 hornets (D:8)
  19 blink frogs
  Sigmund (D:4)
  6 redbacks
  A spriggan (Lair:3)
  58 yaks
  A vampire (D:8)
  15 wyverns
  7 basilisks
  4 steam dragons
  7 vampire mosquitoes
  3 swamp worms (Lair:3)
  A hell hound (Lair:5)
  17 water moccasins
  A sky beast (D:7)
  A necrophage (D:7)
  An orc warrior (D:9)
  2 black bears
  5 ogres
  20 wolves
  A centaur (D:9)
  A kobold brigand (D:9)
  Blork the orc (D:5)
  A gnoll sergeant (D:9)
  14 bullfrogs
  4 scorpions
  A wyvern skeleton (D:5)
  3 howler monkeys
  A crimson imp (D:8)
  3 bullfrog zombies
  5 jellies
  3 centaur zombies
  A hound (D:6)
  4 orc priests
  3 centaur skeletons
  A bullfrog skeleton (D:3)
  2 gnoll shamans
  A scorpion zombie (D:4)
  12 orc wizards
  4 hell rats (Lair:5)
  2 howler monkey zombies
  16 gnolls
  7 adders
  3 shadow imps
  5 white imps
  An ufetubus (D:4)
  3 worms
  5 dart slugs
  21 orcs
  8 ball pythons
  13 endoplasms
  2 giant cockroaches
  2 goblins
  3 hobgoblins
  5 jackals (D:2)
  3 quokkas
  6 bats
  3 frilled lizards
  18 kobolds
  3 rats
433 creatures vanquished.

Vanquished Creatures (others)
  109 fulminant prisms
  67 fungi
  85 plants
  6 toadstools (D:4)
267 creatures vanquished.

Grand Total: 700 creatures vanquished

Notes
Turn   | Place    | Note
-------+----------+-------------------------------------------
     0 | D:1      | pokedragonboy the Demigod Conjurer began the quest for the
                  | Orb.
     0 | D:1      | Reached XP level 1. HP: 14/14 MP: 5/5
     3 | D:1      | Noticed an electric eel
     4 | D:1      | Noticed an electric eel
   238 | D:1      | Reached XP level 2. HP: 16/20 MP: 0/7
   301 | D:1      | Learned a level 2 spell: Searing Ray
   346 | D:1      | Reached skill level 4 in Conjurations
   437 | D:1      | Found Senguen's Book Emporium.
   987 | D:2      | Reached XP level 3. HP: 26/26 MP: 6/9
  2178 | D:3      | Reached XP level 4. HP: 33/33 MP: 6/10
  2358 | D:3      | Reached skill level 5 in Conjurations
  2473 | D:3      | Reached XP level 5. HP: 38/38 MP: 6/12
  2978 | D:4      | Reached skill level 1 in Shields
  3350 | D:4      | Reached XP level 6. HP: 45/45 MP: 4/13
  3747 | D:4      | Noticed Sigmund
  3756 | D:4      | Killed Sigmund
  3941 | D:4      | Learned a level 4 spell: Fulminant Prism
  3950 | D:4      | Reached skill level 6 in Conjurations
  3950 | D:4      | Reached XP level 7. HP: 50/50 MP: 7/15
  4775 | D:4      | Noticed a steam dragon
  4779 | D:4      | Killed a steam dragon
  5386 | D:5      | Entered Level 5 of the Dungeon
  5470 | D:5      | Noticed Blork the orc
  5477 | D:5      | Killed Blork the orc
  5478 | D:5      | Reached skill level 7 in Conjurations
  5875 | D:5      | Reached XP level 8. HP: 57/57 MP: 8/18
  6560 | D:6      | Reached skill level 8 in Conjurations
  6676 | D:6      | Noticed a troll
  6703 | D:6      | Identified the +6 hand axe "Loudec" {spect, rPois Stlth+}
  6747 | D:6      | Reached skill level 5 in Spellcasting
  6929 | D:6      | Reached skill level 9 in Conjurations
  7071 | D:6      | Killed a troll
  7106 | D:6      | Reached XP level 9. HP: 20/62 MP: 15/21
  7208 | D:6      | Found a glowing drain.
  7637 | D:7      | Upgraded the game from 0.28-a0-519-gbfeecf2fc5 to
                  | 0.28-a0-529-g3bad584f25
  7874 | D:7      | Reached skill level 10 in Conjurations
  8201 | D:7      | Noticed Maggie
  8263 | D:7      | Found a staircase to the Ecumenical Temple.
  8398 | D:7      | Killed Maggie
  8729 | D:8      | Learned a level 5 spell: Lightning Bolt
  8981 | D:8      | Found a runed translucent door.
  9050 | D:8      | Reached skill level 11 in Conjurations
  9050 | D:8      | Reached skill level 1 in Air Magic
  9577 | D:8      | Reached XP level 10. HP: 69/69 MP: 22/24
  9581 | D:8      | Noticed Joseph
  9783 | D:8      | Killed Joseph
 10404 | D:8      | Identified the +0 hat of Apockuixa {Will+}
 10407 | D:8      | Identified the +4 whip "Vabiod" {vorpal, rPois rC- rN+
                  | Dex+2}
 10409 | D:8      | Found a runed translucent gate.
 10409 | D:8      | Found a runed translucent gate.
 10409 | D:8      | Found a runed translucent gate.
 10409 | D:8      | Found a runed translucent gate.
 10409 | D:8      | Found a runed translucent gate.
 10409 | D:8      | Found a runed translucent gate.
 10409 | D:8      | Noticed a lindwurm
 10409 | D:8      | Noticed a boulder beetle
 10938 | D:9      | Noticed a two-headed ogre
 11107 | D:9      | Reached skill level 12 in Conjurations
 11390 | D:9      | Killed a two-headed ogre
 12027 | D:9      | Found a staircase to the Orcish Mines.
 12345 | D:10     | Entered Level 10 of the Dungeon
 12442 | D:10     | Noticed a two-headed ogre
 12452 | D:10     | Killed a two-headed ogre
 12453 | D:10     | Reached XP level 11. HP: 74/74 MP: 24/27
 13523 | D:11     | Reached skill level 13 in Conjurations
 13526 | D:11     | Reached skill level 5 in Air Magic
 13951 | D:11     | Noticed a two-headed ogre
 13958 | D:11     | Killed a two-headed ogre
 14109 | D:11     | Found a staircase to the Lair.
 14338 | D:11     | Reached skill level 14 in Conjurations
 14480 | D:11     | Found a gateway to a bazaar.
 14491 | Bazaar   | Entered a bazaar
 14491 | Bazaar   | Found Ylie's Weapon Boutique.
 14491 | Bazaar   | Found Cugynano's Armour Shop.
 14491 | Bazaar   | Found Neipeh's Armour Shop.
 14650 | D:12     | Noticed a skeletal warrior
 14672 | Lair:1   | Entered Level 1 of the Lair of Beasts
 14823 | Lair:1   | Noticed Erica
 14830 | Lair:1   | Killed Erica
 15329 | Lair:1   | Reached XP level 12. HP: 81/81 MP: 22/30
 15333 | Lair:1   | Learned a level 3 spell: Inner Flame
 16068 | Lair:1   | Learned a level 2 spell: Static Discharge
 16101 | Lair:2   | Reached skill level 1 in Hexes
 16520 | Lair:2   | Reached skill level 15 in Conjurations
 16545 | Lair:2   | Noticed an eight-headed hydra
 17336 | Lair:2   | Killed an eight-headed hydra
 17337 | Lair:2   | Reached skill level 10 in Spellcasting
 18091 | Lair:3   | Noticed a four-headed hydra
 18099 | Lair:3   | Killed a four-headed hydra
 19083 | Lair:3   | Found a staircase to the Swamp.
 19225 | Lair:4   | Noticed a boulder beetle
 19469 | Lair:4   | Reached skill level 16 in Conjurations
 19587 | Lair:4   | Found a gate leading to a gauntlet.
 19602 | Lair:4   | Noticed Urug
 19607 | Gauntlet | Entered a Gauntlet
 19607 | Gauntlet | Found a transporter.
 19607 | Gauntlet | Found a transporter.
 19607 | Gauntlet | Found a runed translucent door.
 19649 | Gauntlet | Found a runed translucent door.
 19658 | Gauntlet | Found a transporter.
 19674 | Gauntlet | Found a transporter.
 19683 | Gauntlet | Found a transporter.
 19686 | Gauntlet | Found a transporter.
 19697 | Gauntlet | Found a transporter.
 19707 | Gauntlet | Noticed a blizzard demon
 19709 | Gauntlet | Found a runed translucent gate.
 19710 | Gauntlet | Found a transporter.
 19710 | Gauntlet | Found a runed translucent gate.
 19711 | Gauntlet | Found a runed translucent gate.
 19713 | Gauntlet | Found the +8 orange crystal plate armour {Archmagi, Int+3
                  | Clar}
 19724 | Gauntlet | Found a transporter.
 19728 | Gauntlet | Found a transporter.
 19744 | Gauntlet | Found a transporter.
 19744 | Gauntlet | Found a transporter.
 20273 | Gauntlet | Identified the +0 helmet of Midwinter {Harm}
 20395 | Gauntlet | Killed a blizzard demon
 20399 | Gauntlet | Identified the ring "Wijump" {Ice *Slow Int+2 Dex+5}
 20653 | Gauntlet | Identified the ring of Freedom {rElec rN+ Dex+4 Stlth+}
 20653 | Gauntlet | Noticed a minotaur
 20683 | Gauntlet | Killed a minotaur
 20955 | Gauntlet | Identified the ring of Sloth {Dex+6 SInv}
 20955 | Gauntlet | Identified the +3 great sword of the Jester {pain, rC+
                  | SInv}
 20964 | Lair:4   | Killed Urug
 20999 | Lair:4   | Found a runed translucent door.
 21000 | Lair:4   | Identified the +1 bardiche of the Establishment {chaos,
                  | *Slow Dex+5}
 21001 | Lair:4   | Noticed Lesmeliq's ghost (journeyman HuWn)
 21241 | Lair:4   | Reached XP level 13. HP: 86/86 MP: 22/32
 21743 | Lair:4   | Found a hole to the Spider Nest.
 23235 | Lair:4   | Killed Lesmeliq's ghost
 23760 | Lair:5   | Reached skill level 17 in Conjurations
 23991 | Lair:5   | Found a transporter.
 23994 | Lair:5   | Noticed Mysukhlell's ghost (journeyman DrTm)
 24014 | Lair:5   | Found a transporter.
 24329 | Lair:5   | Found a staircase to the Slime Pits.
 25453 | Lair:5   | Identified the +1 chain mail of Ugull {rC- rCorr Dex+5}
 25522 | Lair:6   | Entered Level 6 of the Lair of Beasts
 26220 | Lair:4   | Learned a level 4 spell: Iskenderun's Mystic Blast
 26833 | Lair:6   | HP: 1/86 [eight-headed hydra (12)]
 26833 | Lair:6   | Mangled by an eight-headed hydra

Illustrated notes

Levels and vault maps discovered:
D:1:      arrival_aquarium_b, layout_rooms, serial_shops,
          nicolae_shop_statue_plus, hellmonk_ecumenical_altar_inner_sanctum,
          grunt_decor_fettered, minmay_misc_feat_hallway
D:2:      layout_loops_ring, minmay_misc_feat_more_columns, st_stairs_8
D:3:      layout_basic
D:4:      cheibrodos_fertilizer, layout_layer_cave, minmay_manual_monolith,
          uniq_sigmund
D:5:      layout_basic, nicolae_overflow_crystal_walls,
          nicolae_ru_sacrificial_ziggurat, uniq_blork_the_orc
D:6:      layout_basic, mainiacjoe_overflow_paths, cheibrodos_sewer_entry_bend
D:7:      layout_basic, nicolae_ashenzari_skybound, cheibrodos_worm_habitat,
          mainiacjoe_overflow_catwalk_spiral, minmay_temple_entry_overgrown,
          hangedman_abyss_or_decor_passed, uniq_maggie
D:8:      gammafunk_indiana_jones, layout_loops_ring,
          grunt_temple_overflow_lords_of_destruction, minivault_24,
          glass_columns_c, uniq_joseph
D:9:      layout_loops_ring, general_overflow_altar, lemuel_tele_altar,
          amcnicky_altar_gilded, orc_0_dummy
D:10:     layout_irregular_city, nicolae_sif_muna_condensation
D:11:     layout_long_grid, minmay_lair_entry_grove, serial_shops,
          bzr_in_the_mist
D:12:     layout_basic, uniq_psyche, uniq_maurice, uniq_josephine
Lair:1:   layout_small_grid, uniq_erica
Lair:2:   layout_cave_pods
Lair:3:   layout_cellular_growth, minmay_swamp_entry_worms,
          grunt_forest_stairs_clearing, grunt_megastairs_2
Lair:4:   layout_layer_cave, nicolae_spider_entry_tight_spaces,
          ebering_ghost_xom, gauntlet_entry_generic,
          eino_small_chamber_without_monster, infiniplex_staircase_pool,
          grunt_megastairs_4, uniq_urug
Lair:5:   layout_loops_ring, slime_altar_1, gammafunk_ghost_berserking_beasts,
          special_room [special_room_mythical_zoo]
Lair:6:   hellmonk_lair_end_abyssal_woods, layout_gridlike,
          nicolae_quartered_pool_medium

Skill      XL: |  1  2  3  4  5  6  7  8  9 10 11 12 13 |
---------------+----------------------------------------+-----
Spellcasting   | 2 3 4 5 7 8 9 10 11 | 11.7
Conjurations   | 4 5 6 7 9 11 12 14 16 17 | 17.6
Shields        | 2 4 |  4.0
Air Magic      | 1 4 5 6 |  6.0
Hexes          | 3 |  3.0
Dodging        | |  1.7
Stealth        | |  1.7

Action                   |  1- 3 |  4- 6 |  7- 9 | 10-12 | 13-15 || total
-------------------------+-------+-------+-------+-------+-------++-------
Melee: Dagger            |       |     4 |       |       |       ||     4
       Whip              |       |       |     1 |       |       ||     1
       Hand axe          |       |       |    14 |    59 |    36 ||   109
       Staff             |       |       |       |     3 |     8 ||    11
 Cast: Magic Dart        |    75 |    44 |    75 |   142 |    70 ||   406
       Searing Ray       |     5 |    24 |    75 |    83 |    17 ||   204
       Fulminant Prism   |       |       |     5 |    57 |    48 ||   110
       Lightning Bolt    |       |       |       |    56 |    41 ||    97
       Static Discharge  |       |       |       |    15 |    19 ||    34
       Inner Flame       |       |       |       |     5 |     2 ||     7
       Iskenderun's Myst |       |       |       |       |     3 ||     3
Evoke: Wand              |       |       |       |     1 |       ||     1
  Use: Scroll            |       |       |     6 |    16 |     6 ||    28
       Potion            |       |       |     1 |     7 |     5 ||    13
 Stab: Distracted        |       |       |       |     1 |       ||     1
Armor: Robe              |       |     2 |    19 |       |       ||    21
       Steam dragon scal |       |       |    11 |    86 |    27 ||   124
Dodge: Dodged            |     5 |     7 |    62 |   115 |    63 ||   252
Block: Buckler           |       |     5 |    19 |    43 |    33 ||   100
       Reflection        |       |     1 |       |     3 |       ||     4

Table legend: (Time is in decaauts)
 A = Elapsed time spent in this place.
 B = Non-inter-level travel time spent in this place.
 C = Inter-level travel time spent in this place.
 D = Time resting spent in this place.
 E = Time spent auto-exploring this place.
 F = Levels seen in this place.
 G = Mean time per level.
                   A        B        C        D        E       F      G
               +--------+--------+--------+--------+--------+-----+--------+
         Total |  26902 |  25085 |   1817 |   8438 |  11987 |  20 | 1345.1 |
       Dungeon |  14977 |  13909 |   1068 |   3855 |   7751 |  12 | 1248.1 |
          Lair |  10568 |   9820 |    748 |   4109 |   4140 |   6 | 1761.3 |
        Bazaar |     20 |     20 |      0 |      0 |      0 |   1 |   20.0 |
      Gauntlet |   1336 |   1336 |      0 |    474 |     95 |   1 | 1336.0 |
               +--------+--------+--------+--------+--------+-----+--------+

Top non-repeatable levels by time:
  Lair:4: 3555 daAuts
     D:4: 2400 daAuts
     D:8: 2015 daAuts
  Lair:3: 1985 daAuts
  Lair:1: 1942 daAuts
  Lair:5: 1712 daAuts
     D:9: 1646 daAuts
     D:5: 1336 daAuts
Gauntlet: 1336 daAuts
     D:6: 1238 daAuts
    D:11: 1218 daAuts
  Lair:2: 1201 daAuts
     D:2: 1126 daAuts
     D:3: 1087 daAuts
     D:7: 1012 daAuts
